 Dungeon Crawl Stone Soup version 0.19-a0-1827-g174f941 (webtiles) character file.

84179 hairmachine the Grappler (level 15, -32/149 HPs)
             Began as a Troll Monk on Oct 6, 2016.
             Was a High Priest of Okawaru.
             Killed by Shatter
             ... invoked by Jorgrun
              (48 damage)
             ... on level 2 of the Swamp on Oct 7, 2016.
             The game lasted 02:12:35 (27406 turns).

hairmachine the Grappler (Troll Monk)              Turns: 27406, Time: 02:12:37

Health: -32/149    AC: 19    Str: 21    XL:     15   Next: 34%
Magic:  13/19      EV:  8    Int:  5    God:    Okawaru [*****.]
Gold:   1399       SH:  0    Dex: 16    Spells: 0 memorised, 14 levels left

rFire  + . .     SeeInvis .       - Unarmed
rCold  . . .     Gourm    +     X - +2 fire dragon armour
rNeg   . . .     Faith    .     y - +2 large shield
rPois  +         Spirit   .     (helmet restricted)
rElec  .         Dismiss  .     x - +1 cloak
rCorr  .         Reflect  .     (gloves unavailable)
MR     +....     Harm     .     (boots unavailable)
Stlth  ++........               (no amulet)
                                R - ring of poison resistance
                                W - ring of ice

@: heroism, finesse, petrifying, very slow
A: unfitting armour, claws 3, dopey 1, fast metabolism 3, gourmand, regeneration
1, shaggy fur 1, tough skin 2, weak 1
a: Heroism, Finesse, Renounce Religion


You were on level 2 of the Swamp.
You worshipped Okawaru.
Okawaru was extremely pleased with you.
You were full.

You visited 5 branches of the dungeon, and saw 22 of its levels.

You collected 2077 gold pieces.
You spent 678 gold pieces at shops.

Inventory:

Hand Weapons
 Q - the +8 morningstar of Okawaru's Anger {elec, -Tele rN+ Int+8}
   (Okawaru gifted it to you on level 1 of the Lair of Beasts)

   Occasionally, upon striking a foe, it will discharge some electrical energy
   and cause terrible harm.
   It affects your intelligence (+8).
   It protects you from negative energy.
   It prevents most forms of teleportation.
Missiles
 p - a throwing net
 J - 2 javelins of returning
 M - 4 large rocks (quivered)
 P - 4 javelins
 U - 2 silver javelins
Armour
 x - a +1 cloak (worn)
 y - a +2 large shield (worn)
 X - a +2 fire dragon armour (worn)
Jewellery
 j - an uncursed ring of resist corrosion
 o - an uncursed ring of see invisible
 R - a ring of poison resistance (right claw)
 W - a ring of ice (left claw)
Wands
 d - a wand of iceblast (7/15)
 l - a wand of hasting (4/9)
 u - a wand of disintegration (15/24)
 E - a wand of teleportation (3/9)
 N - a wand of teleportation (5/9)
 Z - a wand of iceblast (11/15)
Scrolls
 c - 5 scrolls of teleportation
 g - 14 scrolls of remove curse
 s - 7 scrolls of amnesia
 v - 4 scrolls of enchant weapon
 B - 9 scrolls of identify
 D - 2 scrolls of fear
 G - 2 scrolls of recharging {unknown}
 H - 2 scrolls of magic mapping
 L - 2 scrolls of summoning
Potions
 e - 14 potions of curing
 k - 6 potions of flight
 r - a potion of haste
 t - 2 potions of invisibility
 w - 2 potions of ambrosia {unknown}
 z - 3 potions of mutation {unknown}
 F - 2 potions of agility
 O - 2 potions of cancellation {unknown}
 S - a potion of might
 V - 2 potions of lignification {unknown}
 Y - a potion of cure mutation {unknown}
Books
 a - a book of Battle

   Spells                             Type                      Level
   a - Infusion                       Charms                       1
   b - Shroud of Golubria             Charms/Translocation         2
   c - Song of Slaying                Charms                       2
   d - Spectral Weapon                Hexes/Charms                 3
   e - Regeneration                   Charms/Necromancy            3
 m - a book of Death

   Spells                             Type                      Level
   a - Corpse Rot                     Necromancy                   2
   b - Sublimation of Blood           Necromancy                   2
   c - Agony                          Necromancy                   5
   d - Dispel Undead                  Necromancy                   5
   e - Excruciating Wounds            Charms/Necromancy            5
   f - Bolt of Draining               Conjuration/Necromancy       5
 T - a book of Geomancy

   Spells                             Type                      Level
   a - Sandblast                      Earth                        1
   b - Passwall                       Transmutation/Earth          2
   c - Stone Arrow                    Conjuration/Earth            3
   d - Petrify                        Transmutation/Earth          4
   e - Lee's Rapid Deconstruction     Earth                        5
Comestibles
 b - 16 bread rations
 f - 7 slices of pizza
 i - 11 meat rations
 q - 29 fruits
 C - 3 beef jerkies
 K - 2 royal jellies


   Skills:
 - Level 10.1(15.1) Fighting
 - Level 1.2(6.2) Maces & Flails
 - Level 6.9(11.9) Throwing
 - Level 6.3(11.3) Armour
 + Level 6.9(11.9) Dodging
 - Level 1.0(6.0) Stealth
 + Level 12.1(17.1) Shields
 + Level 14.3(19.3) Unarmed Combat
 - Level 6.7 Invocations


You had 14 spell levels left.
You didn't know any spells.

Dungeon Overview and Level Annotations

Branches:
Dungeon (11/15)            Temple (1/1) D:7            Lair (6/6) D:11
  Swamp (2/4) Lair:3        Snake (0/4) Lair:4        Slime (0/5) Lair:6
    Orc (2/2) D:9             Elf (0/3) Orc:2

Altars:
Ashenzari
Cheibriados
Dithmenos
Elyvilon
Fedhas
Gozag
Hepliaklqana
Kikubaaqudgha
Makhleb
Nemelex Xobeh
Okawaru
Qazlal
Ru
Sif Muna
Trog
Vehumet
Xom
Yredelemnul
Zin
The Shining One
Jiyva

Shops:
D:7 }*!   D:9 (   Orc:2 !*(:

Annotations:
D:7 7 exclusions
Swamp:2 Jorgrun


Innate Abilities, Weirdness & Mutations

You are too large for most types of armour.
You have claws for hands.
Your metabolism is lightning-fast.
You like to eat raw meat.
Your natural rate of healing is unusually fast.
You are covered in fur. (AC +1)
You have very tough skin. (AC +2)
You are dopey. (Int -2)
You are weak. (Str -2)


Message History

You mangle Jorgrun!!
Jorgrun is almost dead.
You scratch Jorgrun but do no damage.
Jorgrun is almost dead.
You miss Jorgrun.
Jorgrun is almost dead.
Jorgrun points at you and mumbles some strange words.
You are slowing down.
You scratch Jorgrun but do no damage.
Jorgrun is almost dead.
You miss Jorgrun.
Jorgrun is almost dead.
You feel better. Jorgrun hits you with a staff of earth.
* * * LOW HITPOINT WARNING * * *
Jorgrun crushes you!
* * * LOW HITPOINT WARNING * * *
Jorgrun casts a spell.
The dungeon rumbles around Jorgrun!
You shudder from the earth-shattering force.
You die...

♣♣...≈.≈..♣†.≈≈.♣♣
♣.♣
♣♣.≈♣≈≈≈...≈≈≈.♣
♣≈♣
♣.≈≈.≈....≈♣.♣♣
♣♣♣ ♣≈≈≈≈..§≈.≈..♣
♣♣
♣§≈≈≈≈.≈....♣♣♣≈♣
♣≈..≈≈..≈≈.≈♣≈≈≈♣
≈≈≈≈≈≈.≈≈≈.≈≈≈♣
..........≈≈♣
....≈..≈≈@≈♣
§.≈≈≈≈.≈≈g.≈≈≈≈≈♣
≈♣≈.≈≈.≈≈(≈≈≈≈♣♣♣
♣≈.....(≈≈♣≈≈≈≈
≈≈≈≈≈≈≈...≈ ≈≈♣
♣≈≈≈≈≈.(.≈.≈ ♣≈
≈≈♣≈≈≈≈..≈.?≈
≈♣≈≈§..≈.≈...♣
♣.≈≈.≈≈≈..§.§


You could see Jorgrun.

Vanquished Creatures
  Frances (Swamp:1)
  Kirke (Swamp:1)
  An orc warlord (Orc:1)
  A stone giant (Orc:2)
  Nessos (Lair:5)
  Snorg (D:10)
  An ettin (Orc:1)
  7 hydras
  A catoblepas (Lair:6)
  A centaur warrior (D:11)
  5 alligators
  A deep troll shaman (Lair:6)
  4 death yaks (Lair:6)
  Urug (D:9)
  6 orc high priests
  A shambling mangrove (Swamp:1)
  10 orc knights
  A hill giant (D:11)
  2 swamp dragons (Swamp:1)
  A deep elf mage (D:11)
  A cyclops (D:11)
  2 orc sorcerers
  14 elephants
  5 black mambas
  Maurice (D:9)
  The ghost of twist the Chopper, a novice DsGl (D:6)
  21 spiny frogs
  13 komodo dragons
  4 rime drakes
  A polar bear (Lair:6)
  2 two-headed ogres (Orc:2)
  5 tyrant leeches
  2 trolls
  2 hornets (Swamp:1)
  4 slime creatures (Swamp:1)
  6 bog bodies
  8 hippogriffs
  18 blink frogs
  2 spriggans
  3 shadows
  A vampire (D:11)
  19 yaks
  2 wyverns
  A basilisk (Lair:5)
  A hog (Swamp:1)
  4 vampire mosquitoes (Swamp:1)
  A hungry ghost (D:11)
  Edmund (D:6)
  Menkaure (D:5)
  8 insubstantial wisps (Swamp:1)
  3 nagas (Lair:4)
  8 wargs
  11 swamp worms
  8 water moccasins
  42 orc warriors
  10 porcupines
  3 swamp drakes (Swamp:1)
  A hornet zombie (D:7)
  4 sky beasts
  2 black bears (Lair:6)
  A phantom (D:4)
  An ice beast (D:6)
  16 wolves
  11 ogres
  4 centaurs
  11 crocodiles
  12 bullfrogs
  A gnoll sergeant (D:9)
  A wyvern zombie (D:9)
  3 jellies
  2 scorpions
  46 killer bees
  11 wights
  An electric eel (D:7)
  5 howler monkeys
  5 crimson imps
  2 centaur zombies
  5 hounds
  2 centaur skeletons
  A gnoll shaman (D:6)
  31 orc priests
  21 orc wizards
  4 bullfrog skeletons
  2 iguanas
  2 hell rats (Lair:3)
  4 worker ants
  2 hound skeletons
  Robin (D:2)
  20 gnolls
  13 adders
  10 river rats
  A shadow imp (D:5)
  3 oozes
  An adder skeleton (D:7)
  A worm (D:4)
  2 dart slugs
  7 leopard geckos
  76 orcs
  4 ball pythons
  5 giant cockroaches
  13 goblins
  13 hobgoblins
  13 jackals
  5 quokkas
  8 bats
  4 frilled lizards (D:1)
  6 kobolds
  10 rats
717 creatures vanquished.

Vanquished Creatures (others)
  A human (Swamp:1)
  An insubstantial wisp (Swamp:1)
  11 fungi
  6 plants
19 creatures vanquished.

Grand Total: 736 creatures vanquished

Notes
Turn   | Place    | Note
-------+----------+-------------------------------------------
     0 | D:1      | hairmachine the Troll Monk began the quest for the Orb.
     0 | D:1      | Reached XP level 1. HP: 22/22 MP: 0/0
   360 | D:1      | Reached XP level 2. HP: 29/29 MP: 1/1
   786 | D:1      | Reached skill level 4 in Unarmed Combat
   944 | D:1      | Reached XP level 3. HP: 33/36 MP: 2/2
  1419 | D:2      | Noticed Robin
  1482 | D:2      | Killed Robin
  1482 | D:2      | Reached XP level 4. HP: 42/44 MP: 3/3
  1564 | D:2      | Reached skill level 5 in Unarmed Combat
  2400 | D:2      | Reached XP level 5. HP: 43/50 MP: 4/4
  3562 | D:3      | Reached XP level 6. HP: 61/61 MP: 5/5
  3607 | D:4      | Reached skill level 6 in Unarmed Combat
  3875 | D:4      | Reached XP level 7. HP: 68/68 MP: 6/6
  3970 | D:4      | Found a blossoming altar of Fedhas.
  4150 | D:4      | Found a bloodstained altar of Trog.
  4418 | D:5      | Entered Level 5 of the Dungeon
  4743 | D:5      | Found a glowing silver altar of Zin.
  4753 | D:5      | Noticed Menkaure
  4759 | D:5      | Killed Menkaure
  4759 | D:5      | Reached skill level 1 in Shields
  4958 | D:6      | Noticed twist's ghost (novice DsGl)
  5056 | D:6      | Reached skill level 7 in Unarmed Combat
  5147 | D:6      | Reached XP level 8. HP: 79/79 MP: 7/7
  5431 | D:6      | Reached skill level 5 in Fighting
  5446 | D:6      | Killed twist's ghost
  5508 | D:6      | Reached skill level 8 in Unarmed Combat
  5667 | D:6      | Noticed Edmund
  5681 | D:6      | Killed Edmund
  5681 | D:6      | Reached XP level 9. HP: 89/89 MP: 8/8
  6014 | D:7      | Found Nefumaes's Distillery.
  6028 | D:7      | Bought a potion of heal wounds for 70 gold pieces
  6028 | D:7      | Bought a potion of agility for 56 gold pieces
  6028 | D:7      | Bought a potion of might for 56 gold pieces
  6028 | D:7      | Bought a potion of heal wounds for 70 gold pieces
  6185 | D:7      | Found a basalt altar of Yredelemnul.
  6228 | D:7      | Found Safupum's Gadget Emporium.
  6376 | D:7      | Found a staircase to the Ecumenical Temple.
  6385 | Temple   | Entered the Ecumenical Temple
  6434 | Temple   | Became a worshipper of Warmaster Okawaru
  6434 | Temple   | Reached * piety under Okawaru
  6434 | Temple   | Reached ** piety under Okawaru
  6666 | D:7      | Found Loijiheg's General Store.
  6673 | D:7      | Bought a scroll of teleportation for 42 gold pieces
  6728 | D:7      | Found a sparkling altar of Nemelex Xobeh.
  6857 | D:7      | Found a shadowy altar of Dithmenos.
  7362 | D:8      | Reached skill level 5 in Shields
  7509 | D:8      | Reached skill level 9 in Unarmed Combat
  7656 | D:8      | Found a deep blue altar of Sif Muna.
  7697 | D:8      | Reached *** piety under Okawaru
  7910 | D:8      | Found a burning altar of Makhleb.
  8558 | D:7      | Reached XP level 10. HP: 44/100 MP: 9/9
  8952 | D:9      | Reached skill level 1 in Invocations
  9095 | D:9      | Found a staircase to the Orcish Mines.
  9271 | D:9      | Noticed Maurice
  9293 | D:9      | Killed Maurice
  9462 | D:9      | Reached skill level 10 in Unarmed Combat
  9542 | D:9      | Reached **** piety under Okawaru
  9555 | D:9      | Found Garaw's Antique Weapon Shoppe.
  9753 | D:10     | Entered Level 10 of the Dungeon
 10208 | D:10     | Received a gift from Okawaru
 10327 | D:10     | Noticed Snorg
 10337 | D:10     | Reached skill level 1 in Throwing
 10571 | D:10     | Noticed Urug
 10689 | D:9      | Killed Urug
 10689 | D:9      | Received a gift from Okawaru
 10945 | D:10     | Reached XP level 11. HP: 109/109 MP: 12/12
 10985 | D:10     | Reached ***** piety under Okawaru
 11005 | D:10     | Killed Snorg
 11005 | D:10     | Reached skill level 11 in Unarmed Combat
 11692 | D:11     | Found a staircase to the Lair.
 11737 | Lair:1   | Entered Level 1 of the Lair of Beasts
 11906 | Lair:1   | Received a gift from Okawaru
 11954 | Lair:1   | Got a crystal morningstar {god gift}
 11955 | Lair:1   | Identified the +8 morningstar of Okawaru's Anger {elec, -Tele rN+ Int+8} (Okawaru gifted it to you on level 1 of the Lair of Beasts)
 12041 | Lair:1   | Reached skill level 1 in Maces & Flails
 12477 | Lair:1   | Reached skill level 5 in Throwing
 13241 | Lair:2   | Noticed a five-headed hydra
 13459 | Lair:2   | Noticed a five-headed hydra
 13465 | Lair:2   | Killed a five-headed hydra
 13551 | Lair:2   | Killed a five-headed hydra
 13551 | Lair:2   | Reached XP level 12. HP: 119/119 MP: 13/13
 13677 | Lair:2   | Received a gift from Okawaru
 14354 | Lair:3   | Reached skill level 1 in Armour
 14961 | Lair:3   | Found a staircase to the Swamp.
 15424 | Lair:4   | Found a staircase to the Snake Pit.
 15936 | Lair:4   | Reached ****** piety under Okawaru
 15936 | Lair:4   | Received a gift from Okawaru
 16266 | Lair:5   | Noticed Nessos
 16729 | Lair:5   | Reached XP level 13. HP: 124/131 MP: 14/14
 16931 | Lair:5   | Killed Nessos
 16931 | Lair:5   | Reached skill level 10 in Shields
 16931 | Lair:5   | Reached skill level 12 in Unarmed Combat
 17000 | Lair:5   | Received a gift from Okawaru
 17705 | Lair:6   | Entered Level 6 of the Lair of Beasts
 17801 | Lair:6   | Found a staircase to the Slime Pits.
 17802 | Lair:6   | Found a viscous altar of Jiyva.
 17871 | Lair:6   | Reached skill level 5 in Armour
 18971 | Lair:6   | Received a gift from Okawaru
 19046 | Lair:6   | Reached skill level 10 in Fighting
 19380 | Lair:6   | Reached XP level 14. HP: 143/143 MP: 16/16
 19443 | Lair:6   | Received a gift from Okawaru
 19917 | D:11     | Reached skill level 13 in Unarmed Combat
 20092 | D:11     | Received a gift from Okawaru
 20531 | Orc:1    | Entered Level 1 of the Orcish Mines
 20602 | Orc:1    | Upgraded the game from 0.19-a0-1821-g42c593c to 0.19-a0-1827-g174f941
 20609 | Orc:2    | Entered Level 2 of the Orcish Mines
 20628 | Orc:1    | Paralysed by an orc sorcerer for 7 turns
 20826 | Orc:1    | Received a gift from Okawaru
 21737 | Orc:2    | Reached skill level 5 in Invocations
 22172 | Orc:2    | Noticed a stone giant
 22187 | Orc:2    | Killed a stone giant
 22325 | Orc:2    | Found a staircase to the Elven Halls.
 22415 | Orc:2    | Noticed an orc warlord
 22461 | Orc:1    | Killed an orc warlord
 22461 | Orc:1    | Reached skill level 5 in Dodging
 22607 | Orc:2    | Received a gift from Okawaru
 24862 | Orc:2    | Found Pigychiu's Weapon Boutique.
 24967 | Orc:2    | Found Vyss's General Store.
 24969 | Orc:2    | Found Cydios's Book Boutique.
 24970 | Orc:2    | Found Dadugief's Distillery.
 24976 | Orc:2    | Bought a potion of curing for 48 gold pieces
 24976 | Orc:2    | Bought a potion of curing for 48 gold pieces
 24976 | Orc:2    | Bought a potion of agility for 64 gold pieces
 24976 | Orc:2    | Bought a potion of curing for 48 gold pieces
 24976 | Orc:2    | Bought a potion of curing for 48 gold pieces
 24976 | Orc:2    | Bought a potion of invisibility for 128 gold pieces
 25340 | Swamp:1  | Entered Level 1 of the Swamp
 25757 | Swamp:1  | Noticed Frances
 25767 | Swamp:1  | Gained mutation: You are weak. (Str -2) [a neqoxec]
 25769 | Swamp:1  | Gained mutation: You are dopey. (Int -2) [a neqoxec]
 25779 | Swamp:1  | Killed Frances
 25918 | Swamp:1  | Reached XP level 15. HP: 133/149 MP: 19/19
 26067 | Swamp:1  | Reached skill level 14 in Unarmed Combat
 26223 | Swamp:1  | Received a gift from Okawaru
 26228 | Swamp:1  | Noticed Kirke
 26236 | Swamp:1  | Killed Kirke
 27388 | Swamp:2  | Noticed Jorgrun
 27400 | Swamp:2  | HP: 6/149 [Jorgrun/Shatter (42)]
 27406 | Swamp:2  | Killed from afar by Jorgrun

Vault maps used:
D:1:      dpeg_arrival_rhombi
D:2:      grunt_decor_fettered, uniq_robin
D:4:      fedhas_altar_fruit_tree, bloody_trog
D:5:      old_standard_altar, first_bread, uniq_menkaure
D:6:      nicolae_ossuary_entry_monument, uniq_edmund
D:7:      grunt_temple_overflow_open, lemuel_round_altar, serial_shops,
          nicolae_shop_temple_entry_statues_fountains, nicolae_shop_trees, shop,
          serial_bayou_lake_a
D:8:      nicolae_overflow_crystal_walls, kennysheep_mini_moat,
          nicolae_overflow_hidden_temple, the_bakery
D:9:      orc_0_dummy, serial_shops, shop_fountains, uniq_maurice
D:10:     wad_woods_minihive, eino_tiny_chamber, uniq_snorg, uniq_urug
D:11:     minmay_bloctagon_deflated, dpeg_lair_monsters
Temple:   minmay_temple_bridge_abc
Lair:1:   lemuel_fruit_tree, grunt_megastairs_2
Lair:2:   grunt_megastairs_4, infiniplex_staircase_pool
Lair:3:   kennysheep_rathole, minmay_swamp_entry_worms
Lair:4:   guppyfry_snake_entry_island, lemuel_fruit_fields, grunt_megastairs_5
Lair:5:   wad_woods_04, uniq_nessos
Lair:6:   grunt_lair_end_beastmaster, slime_altar_1, serial_bayou_crossing
Swamp:1:  evilmike_swamp_ruin_rubble_2, swamp_pool2, uniq_frances, uniq_kirke
Swamp:2:  basic_altar, swamp_pool2, infiniplex_staircase_pool_2, uniq_roxanne,
          uniq_jorgrun, uniq_nikola, uniq_louise
Orc:1:    cheibrodos_orc_bank
Orc:2:    st_orc_pillars

Skill      XL: |  1  2  3  4  5  6  7  8  9 10 11 12 13 14 15 |
---------------+----------------------------------------------+-----
Unarmed Combat | 4 5 6 7 8 9 10 11 12 13 14 | 14.3
Fighting       | 3 4 5 6 7 9 10 | 10.1
Dodging        | 3 6 |  6.9
Shields        | 2 4 5 7 8 9 10 11 12 | 12.1
Invocations    | 3 4 6 |  6.7
Throwing       | 2 6 |  6.9
Maces & Flails | 1 |  1.2
Armour         | 4 6 |  6.3
Stealth        | |  1.0

Action                   |  1- 3 |  4- 6 |  7- 9 | 10-12 | 13-15 || total
-------------------------+-------+-------+-------+-------+-------++-------
Melee: Unarmed           |    91 |   157 |   280 |   837 |  1348 ||  2713
       Punch             |     1 |     4 |       |       |       ||     5
       Morningstar       |       |       |       |     2 |     4 ||     6
 Fire: Blowgun           |       |    20 |    16 |       |       ||    36
Throw: Stone             |     9 |     8 |    11 |    12 |       ||    40
       Large rock        |       |       |       |    11 |    35 ||    46
Invok: Heroism           |       |       |     1 |    12 |    14 ||    27
       Finesse           |       |       |       |       |     1 ||     1
Evoke: Wand              |       |       |     3 |       |       ||     3
  Use: Scroll            |     2 |     3 |     8 |    12 |     2 ||    27
       Potion            |       |       |     1 |     9 |     7 ||    17
 Stab: Sleeping          |     2 |     2 |     2 |     2 |       ||     8
       Distracted        |       |       |       |     1 |       ||     1
  Eat: Chunk             |    19 |    20 |    45 |    71 |    99 ||   254
Armor: Robe              |    15 |    51 |    20 |    38 |       ||   124
       Fire dragon armou |       |       |       |    46 |   238 ||   284
Dodge: Dodged            |    27 |    66 |    38 |   119 |   229 ||   479
Block: Large shield      |       |       |   144 |   665 |  1035 ||  1844
